 Dungeon Sprint DCSS version 0.23.1 (webtiles) character file.

Game seed: 7895352464405832970

2532 Lauz the Severer (level 9, -12/127 HPs)
             Began as a Minotaur Gladiator on Mar 5, 2019.
             Was a Priest of Trog.
             Mangled by a lorocyproca (26 damage)
             ... in the Dungeon (Sprint I: "Red Sonja").
             The game lasted 00:04:58 (1205 turns).

Lauz the Severer (Minotaur Gladiator)               Turns: 1205, Time: 00:04:58

Health: -12/127    AC:  5    Str: 27    XL:     9   Next: 30%
Magic:  0/8        EV: 19    Int:  5    God:    Trog [***...]
Gold:   459        SH:  0    Dex: 12    Spells: 8/8 levels left

rFire    . . .     SeeInvis .   a - +0 war axe
rCold    . . .     Gourm    .   (no shield)
rNeg     . . .     Faith    .   l - +2 leather armour {rPois}
rPois    +         Spirit   .   c - +0 hat
rElec    .         Reflect  .   (no cloak)
rCorr    .         Harm     .   (no gloves)
MR       .....     NoTele   +   (no boots)
Stlth    ..........             (no amulet)
HPRegen  0.31/turn              (no ring)
MPRegen  0.11/turn              (no ring)

@: berserking, very quick
A: retaliatory headbutt, horns 2
a: Berserk, Trog's Hand, Renounce Religion


You were in the Dungeon.
You worshipped Trog.
Trog was most pleased with you.
You were not hungry.

You visited 1 branch You collected 459 gold pieces.

Inventory:

Hand Weapons
 a - a +0 war axe (weapon)
Missiles
 d - a throwing net (quivered)
Armour
 b - a +0 leather armour
 c - a +0 hat (worn)
 l - a +2 leather armour of poison resistance (worn)
Scrolls
 k - a scroll of blinking
Potions
 e - a potion of curing
 g - 2 potions of heal wounds
 h - a potion of haste
 i - 2 potions of magic


   Skills:
 + Level 10.1 Fighting
 + Level 16.9 Axes
 - Level 2.0 Throwing
 + Level 6.4 Armour
 + Level 13.1 Dodging


You had 8 spell levels left.
You didn't know any spells.
Your spell library was empty.

Dungeon Overview and Level Annotations

Branches:
Dungeon (1/1)

Altars:
Cheibriados
Dithmenos
Elyvilon
Fedhas
Gozag
Hepliaklqana
Kikubaaqudgha
Makhleb
Nemelex Xobeh
Okawaru
Qazlal
Ru
Sif Muna
Trog
Uskayaw
Vehumet
Wu Jian
Xom
Yredelemnul
Zin
The Shining One
Jiyva
Lugonu

Shops:
D :


Innate Abilities, Weirdness & Mutations

You reflexively headbutt those who attack you in melee.
You have a pair of horns on your head.


Message History

You hit something. You slice something!! Something barely misses you.
You barely miss something. Your headbutt misses something. Something hits you!
You feel your power leaking away.
You barely miss something. Something hits you!
You barely miss something. You headbutt something! You miss something.
Something barely misses you.
You closely miss something. You headbutt something. Something hits you!!
* * * LOW HITPOINT WARNING * * *
A red film seems to cover your vision as you go berserk!
You feel yourself moving faster!
You feel mighty!
You feel a lot more hungry. Something hits you!
* * * LOW HITPOINT WARNING * * *
You slash something! You closely miss something.
Your headbutt misses something. Something barely misses you.
You slash something! You headbutt something. You closely miss something.
Your headbutt misses something. Something hits you!!
You die...

######################***********
..'..#__#..')..#([#§$,,+,,,,,,+,,
).#..'^.'..#...##'#$#***,,,,,**,,
####'#__####...'..#§#,*##,,,*****
...#(####§§#####@.+§#+#$###+*,,,*
..##(#§§≈§c*,,##{####^.$#y#,**,,,
#'#_.+§§§,,+,,#..°○.#..$###,,***,
'..._#§≈≈.,*,,#.°^.^°..°$$#*,*,*,
#_.#'##+###**+###○°^#°....#,,***,
##+#.#,,,,***,+,#○..###++##,**,,,
**,###*+***,***,#○☼##*,,***,,*+**
+,,,+,,,,,+,∩**,#..#***,,***,,,*,
*,,,***********,##'#,,*,,*,***,*,


There were no monsters in sight!

Vanquished Creatures
  A gargoyle (D)
  4 demonic crawlers (D)
  2 kobold demonologists (D)
  A slime creature (D)
  Sigmund (D)
  A yak (D)
  A floating eye (D)
  An ogre (D)
  A jelly (D)
  Ijyb (D)
14 creatures vanquished.

Vanquished Creatures (others)
  A hornet (D)
1 creature vanquished.

Grand Total: 15 creatures vanquished

Notes
Turn   | Place    | Note
-------+----------+-------------------------------------------
     0 | D        | Lauz the Minotaur Gladiator began the quest for the Orb.
     0 | D        | Reached XP level 1. HP: 18/18 MP: 0/0
     2 | D        | Noticed Ijyb
    10 | D        | Killed Ijyb
    10 | D        | Reached skill level 5 in Axes
    10 | D        | Reached skill level 5 in Dodging
    10 | D        | Reached XP level 2. HP: 26/26 MP: 1/1
    25 | D        | Noticed an ogre
    29 | D        | Killed an ogre
    29 | D        | Reached skill level 8 in Axes
    29 | D        | Reached XP level 3. HP: 34/35 MP: 2/2
    29 | D        | Reached XP level 4. HP: 40/41 MP: 3/3
    42 | D        | Noticed Sigmund
    49 | D        | Killed Sigmund
    49 | D        | Reached skill level 10 in Axes
    49 | D        | Reached skill level 1 in Armour
    49 | D        | Reached XP level 5. HP: 40/50 MP: 4/4
    49 | D        | Reached XP level 6. HP: 45/57 MP: 5/5
   118 | D        | Found a burning altar of Makhleb.
   118 | D        | Found a viscous altar of Jiyva.
   118 | D        | Found a shimmering altar of Xom.
   118 | D        | Found a corrupted altar of Lugonu.
   118 | D        | Noticed a slime creature
   123 | D        | Killed a slime creature
   123 | D        | Reached skill level 12 in Axes
   123 | D        | Reached skill level 10 in Dodging
   258 | D        | Found an ornate altar of the Wu Jian Council.
   258 | D        | Found a deep blue altar of Sif Muna.
   260 | D        | Found a radiant altar of Vehumet.
   298 | D        | Found Qoklopn's Book Emporium.
   298 | D        | Found an ancient bone altar of Kikubaaqudgha.
   298 | D        | Found a hazy altar of Hepliaklqana.
   298 | D        | Found a stormy altar of Qazlal.
   298 | D        | Found a hide-covered altar of Uskayaw.
   298 | D        | Found a blossoming altar of Fedhas.
   298 | D        | Found a bloodstained altar of Trog.
   298 | D        | Found an iron altar of Okawaru.
   298 | D        | Found a basalt altar of Yredelemnul.
   298 | D        | Found a glowing golden altar of the Shining One.
   298 | D        | Found a snail-covered altar of Cheibriados.
   298 | D        | Found a sacrificial altar of Ru.
   298 | D        | Found a glowing silver altar of Zin.
   298 | D        | Found a shadowy altar of Dithmenos.
   298 | D        | Found a white marble altar of Elyvilon.
   298 | D        | Noticed a yak
   306 | D        | Killed a yak
   306 | D        | Reached XP level 7. HP: 45/66 MP: 6/6
   307 | D        | Found an opulent altar of Gozag.
   308 | D        | Found a sparkling altar of Nemelex Xobeh.
   313 | D        | Became a worshipper of Trog the Wrathful
   430 | D        | Noticed a kobold demonologist
   431 | D        | Noticed a kobold demonologist
   433 | D        | Paralysed by a floating eye for 2 turns
   436 | D        | Noticed a hellwing
   436 | D        | Noticed a ynoxinul
   438 | D        | Reached skill level 13 in Axes
   443 | D        | Killed a kobold demonologist
   443 | D        | Reached * piety under Trog
   443 | D        | Reached skill level 14 in Axes
   446 | D        | Killed a kobold demonologist
   446 | D        | Reached XP level 8. HP: 40/75 MP: 7/7
   658 | D        | Noticed a demonic crawler
   658 | D        | Noticed a demonic crawler
   658 | D        | Noticed a demonic crawler
   658 | D        | Noticed a demonic crawler
   665 | D        | Killed a demonic crawler
   665 | D        | Reached ** piety under Trog
   665 | D        | Reached skill level 15 in Axes
   667 | D        | Killed a demonic crawler
   667 | D        | Reached skill level 5 in Armour
   670 | D        | Killed a demonic crawler
   670 | D        | Reached skill level 16 in Axes
   670 | D        | Reached XP level 9. HP: 74/84 MP: 8/8
   676 | D        | Killed a demonic crawler
   882 | D        | Noticed a centaur warrior
   910 | D        | Noticed a gargoyle
   933 | D        | Killed a gargoyle
   933 | D        | Reached *** piety under Trog
   933 | D        | Reached skill level 10 in Fighting
  1185 | D        | Noticed a meliai
  1205 | D        | Mangled by a lorocyproca

Skill      XL: |  1  2  3  4  5  6  7  8  9 |
---------------+----------------------------+-----
Fighting       | 3 4 6 7 8 9 10 | 10.1
Axes           | 5 8 10 12 14 16 | 16.9
Dodging        | 5 7 9 10 12 13 | 13.1
Armour         | 1 2 3 5 6 |  6.4
Throwing       | |  2.0

Action                   |  1- 3 |  4- 6 |  7- 9 || total
-------------------------+-------+-------+-------++-------
Melee: War axe           |     9 |    19 |    52 ||    80
       Headbutt          |     2 |     5 |    10 ||    17
Throw: Throwing net      |     1 |     1 |       ||     2
Invok: Berserk           |       |       |     3 ||     3
  Use: Potion            |       |       |     1 ||     1
       Scroll            |       |       |     1 ||     1
 Stab: Held in net/web   |     1 |       |       ||     1
  Eat: Ration            |       |       |     1 ||     1
Armor: Leather armour    |     1 |       |    12 ||    13
Dodge: Dodged            |     3 |     6 |    47 ||    56
